 Dungeon Crawl Stone Soup version 0.18-a0-1147-g8e8348b (webtiles) character file.

59 nuthulu the Shooter (level 3, 0/27 HPs)
             Began as a Demonspawn Wanderer on Jan 22, 2016.
             Succumbed to an adder's poison
             ... on level 2 of the Dungeon.
             The game lasted 00:05:27 (1404 turns).

nuthulu the Shooter (Demonspawn Wanderer)           Turns: 1404, Time: 00:05:27

Health: 0/27       AC:  9    Str: 12    XL:     3   Next: 78%
Magic:  2/3        EV: 10    Int: 11    God:
Gold:   48         SH:  0    Dex: 15    Spells: 0 memorised, 2 levels left

rFire  . . .     SeeInvis .     c - +0 shortbow
rCold  . . .     Gourm    .     h - +0 ring mail
rNeg   . . .     Faith    .     (shield currently unavailable)
rPois  .         Spirit   +     (no helmet)
rElec  .         Dismiss  .     k - +1 cloak
rCorr  .         Reflect  .     (no gloves)
SustAt .         Harm     .     (no boots)
MR     .....                    (no amulet)
Stlth  +.........               (no ring)
                                (no ring)

@: lethally poisoned (0 -> -14), not resistant to hostile enchantments, very
unstealthy
A: yellow scales 1, magic shield
a: no special abilities


You were on level 2 of the Dungeon.
You were not hungry.

You visited 1 branch of the dungeon, and saw 2 of its levels.

You collected 48 gold pieces.

Inventory:

Hand Weapons
 b - a +2 blowgun
 c - a +0 shortbow (weapon)
Missiles
 a - 3 curare-tipped needles
 d - 10 arrows (quivered)
 j - 13 poisoned needles
Armour
 f - a +0 robe
 h - a +0 ring mail (worn)
 k - a +1 cloak (worn)
 t - a +0 leather armour
Jewellery
 m - an uncursed amulet of the gourmand {unknown}
Scrolls
 u - a scroll of identify
Potions
 e - 2 potions of curing
 i - a potion of haste
 l - 2 potions of brilliance
 n - a potion of invisibility {unknown}
 o - a potion of ambrosia {unknown}
 p - 2 potions of mutation {unknown}
Comestibles
 g - a bread ration
 q - a meat ration
 r - 3 fruits
 s - 5 chunks of flesh


   Skills:
 - Level 2.0 Fighting
   Level 1.0 Short Blades
 + Level 3.5 Bows
 + Level 2.5 Throwing
 - Level 1.7 Armour
 - Level 1.0 Stealth


You had 2 spell levels left.
You didn't know any spells.

Dungeon Overview and Level Annotations

Branches:
Dungeon (2/15)

Altars:


Innate Abilities, Weirdness & Mutations

You are partially covered in yellow scales (AC +2).
When hurt, damage is shared between your health and your magic reserves.


Message History

You are more poisoned.
The adder poisons you!
An adder comes into view.
You closely miss the adder.
The adder is moderately wounded.
* * * LOW HITPOINT WARNING * * *
You feel sick.
The adder bites you but does no damage. x2
* * * LOW HITPOINT WARNING * * *
You feel sick. The adder closely misses you.
* * * LOW HITPOINT WARNING * * *
You feel sick.
* * * LOW HITPOINT WARNING * * *
You feel sick.
* * * LOW HITPOINT WARNING * * *
You feel sick. The adder bites you.
You are more poisoned.
The adder poisons you!
* * * LOW HITPOINT WARNING * * *
You feel sick.
You die...

# #.# #. #.#
#..##.##############
..#................
......###รท.######.
#...# #..#######
...######.#####()......
#.....@.S.......######
..........########
##..####### #. ### #..
#.# #<# ..# #


You could see an adder.

Vanquished Creatures
  2 adders (D:2)
  A gnoll (D:1)
  An ooze (D:2)
  A worm (D:2)
  A giant cockroach (D:1)
  2 goblins (D:2)
  3 hobgoblins
  3 jackals (D:1)
  3 kobolds
  6 bats
23 creatures vanquished.

Notes
Turn   | Place    | Note
--------------------------------------------------------------
     0 | D:1      | nuthulu the Demonspawn Wanderer began the quest for the Orb.
     0 | D:1      | nuthulu set off with: 3 curare-tipped needles, a +2 blowgun, a +0 shortbow, 22 arrows, a potion of curing, a +0 robe, a bread ration
     0 | D:1      | Reached XP level 1. HP: 16/16 MP: 1/1
   585 | D:1      | Reached skill level 3 in Bows
   585 | D:1      | Gained mutation: You are partially covered in yellow scales (AC +2). [demonic ancestry]
   585 | D:1      | Reached XP level 2. HP: 16/22 MP: 2/2
   986 | D:2      | Gained mutation: When hurt, damage is shared between your health and your magic reserves. [demonic ancestry]
   986 | D:2      | Reached XP level 3. HP: 27/27 MP: 3/3
  1402 | D:2      | HP: 1/27 [poisoned by an adder]
  1404 | D:2      | Succumbed to an adder's poison

Vault maps used:
D:1:      tarquinn_simple_flora_water_b
D:2:      lemuel_round_altar, kennysheep_decorative_pillar

Action                   || total
-------------------------++-------
Melee: Shortbow          ||    23
 Fire: Shortbow          ||    79
  Use: Scroll            ||     7
  Eat: Chunk             ||     1
